 Dungeon Crawl Stone Soup version 0.28.0-53-g5a82cb258f (webtiles) character file.

Game seed: 7241462938436320573

53283 Atelerd the Covert (level 14, 0/85 HPs)
             Began as an Octopode Earth Elementalist on June 13, 2022.
             Was an Elder of Sif Muna.
             Slain by a meliai
             ... wielding a +0 broad axe
              (14 damage)
             ... on level 1 of the Spider Nest.
             The game lasted 01:04:12 (32401 turns).

Atelerd the Covert (Octopode Earth Elementalist)   Turns: 32401, Time: 01:04:13

Health: 0/85       AC:  2    Str:  7    XL:     14   Next: 67%
Magic:  20/47      EV: 16    Int: 22    God:    Sif Muna [****..]
Gold:   975        SH:  9    Dex: 17    Spells: 23/36 levels left

rFire   + . .      SeeInvis +   b - +1 rapier (elec)
rCold   . . .      Faith    .   j - +2 buckler of the Sky {+Blink rF+ Dex+4 SInv}
rNeg    + . .      Spirit   .   r - +1 hat
rPois   .          Reflect  .   (no amulet)
rElec   +          Harm     .   z - ring of resist corrosion
rCorr   +          Rampage  .   J - ring of magical power
Will    +....                   N - ring of positive energy
Stlth   ++++++....              d - ring of Ashenzari's Envy {rElec MP+9}
HPRegen 0.24/turn               (no ring)
MPRegen 0.30/turn               (no ring)
                                (no ring)
                                (no ring)

@: very slightly contaminated
A: almost no armour, amphibious, 8 rings, camouflage 1, gelatinous body 1,
(nimble swimmer 1), tentacles
a: Renounce Religion, Evoke Blink, Channel Magic, Forget Spell, Divine Exegesis


You were on level 1 of the Spider Nest.
You worshipped Sif Muna.
Sif Muna was greatly pleased with you.
You visited 5 branches of the dungeon, and saw 22 of its levels.
You also visited: Ossuary and Ice Cave.

You collected 1805 gold pieces.
You spent 830 gold pieces at shops.

Inventory:

Hand Weapons
 b - a +1 rapier of electrocution (weapon)
Missiles
 x - 93 stones
 G - 33 poisoned darts
Armour
 j - the +2 buckler of the Sky (worn) {+Blink rF+ Dex+4 SInv}
   (You acquired it in an ossuary)

   Dex:       It affects your dexterity (+4).
   rF:        It protects you from fire.
   SInv:      It lets you see invisible.
   +Blink:    It lets you blink.
 r - a +1 hat (worn)
Magical Staves
 a - a staff of earth
Jewellery
 d - the ring of Ashenzari's Envy (on tentacle) {rElec MP+9}
   (You bought it in a shop on level 2 of the Orcish Mines)

   [ring of magical power]

   rElec:     It insulates you from electricity.
   MP:        It affects your magic capacity (+9).
 z - a ring of resist corrosion (left tentacle)
 J - a ring of magical power (right tentacle)
 N - a ring of positive energy (on tentacle)
Wands
 t - a wand of acid (6)
 v - a wand of polymorph (3)
 H - a wand of mindburst (1)
 I - a wand of charming (9)
Scrolls
 c - a scroll of holy word
 e - a scroll of fear
 k - a scroll of enchant weapon
 y - 2 scrolls of silence {unknown}
 A - 2 scrolls of summoning
 D - a scroll of immolation
 F - a scroll of amnesia
 L - a scroll of noise
 M - 2 scrolls of enchant armour
 O - a scroll of fog
 P - a scroll of torment
Potions
 f - 2 potions of resistance
 g - a potion of berserk rage {unknown}
 h - 4 potions of haste
 i - 3 potions of attraction
 m - 6 potions of flight
 n - 6 potions of curing
 o - 2 potions of mutation
 p - 2 potions of magic
 q - 5 potions of might {unknown}
 s - a potion of ambrosia
 u - 3 potions of degeneration {unknown}
 w - 2 potions of lignification {unknown}
 B - 2 potions of brilliance {unknown}
 K - a potion of invisibility {unknown}


   Skills:
 - Level 4.0 Fighting
 - Level 4.0 Short Blades
 - Level 0.2 Polearms
 - Level 6.0 Dodging
 - Level 12.0 Stealth
 - Level 9.0 Shields
 + Level 11.5 Spellcasting
 - Level 5.0 Conjurations
 - Level 5.0 Transmutations
 - Level 10.0 Air Magic
 - Level 10.0 Earth Magic
 - Level 8.0 Invocations
 - Level 2.0 Evocations


You had 23 spell levels left.
You knew the following spells:

 Your Spells              Type           Power      Damage    Failure   Level
a - Sandblast             Erth           100%       2d20      1%          1
b - Lightning Bolt        Conj/Air       22%        1d38      9%          5
p - Petrify               Tmut/Erth      45%        N/A       3%          4
r - Stone Arrow           Conj/Erth      90%        3d12      1%          3

Your spell library contained the following spells:

 Spells                   Type           Power      Damage    Failure   Level
 Passwall                 Tmut/Erth      37%        N/A       1%          2
 Static Discharge         Conj/Air       45%        N/A       1%          2
 Ozocubu's Armour         Ice            12%        N/A       19%         3
 Metabolic Englaciation   Hex/Ice        6%         N/A       87%         5
 Simulacrum               Ice/Necr       6%         N/A       100%        6
 Maxwell's Capacitive Co  Air            27%        ∞         100%        8


Dungeon Overview and Level Annotations

Branches:
Dungeon (14/15)            Temple (1/1) D:7            Lair (4/6) D:8
 Shoals (0/4) Lair:3       Spider (1/4) Lair:3          Orc (2/2) D:12
    Elf (0/3) Orc:2       Ossuary (visited)           IceCv (visited)
 Vaults: D:13-14

Altars:
Ashenzari
Cheibriados
Dithmenos
Elyvilon
Fedhas
Gozag
Hepliaklqana
Kikubaaqudgha
Makhleb
Nemelex Xobeh
Okawaru
Qazlal
Ru
Sif Muna
Trog
Uskayaw
Vehumet
Wu Jian
Xom
Yredelemnul
Zin
The Shining One
Beogh
Jiyva

Shops:
D:5 =   D:8 ?   D:9 [   Orc:2 =*(*

Annotations:
D:5 exclusion: downstairs
D:10 exclusion: downstairs
D:12 2 transporters, Atelerd's ghost, journeyman OpEE
Lair:1 1 runed translucent door
Lair:2 exclusion: downstairs
Lair:3 exclusion: 3 downstairs
Orc:2 Jorgrun


Innate Abilities, Weirdness & Mutations

You cannot wear most types of armour.
You are amphibious.
You can wear up to eight rings at the same time.
Your skin changes colour to match your surroundings (Stealth+).
Your rubbery body absorbs attacks. (AC +1, EV +1)
((You are camouflaged when in or above water. (Stealth+)))
You have tentacles for arms and can constrict up to eight enemies at once.


Message History

Nothing appears to happen.
You constrict the pharaoh ant. The pharaoh ant bites you!!
Casting: Lightning Bolt (dangerous; 9% risk of failure)
Confirm with . or Enter, or press ? or * to list all spells.
Aiming: Lightning Bolt (dangerous; 9% risk of failure)
Press: ? - help, Shift-Dir - straight line, f/p - wolf spider
Aim: a wolf spider (64% to hit)
You miscast Lightning Bolt.
Nothing appears to happen.
You constrict the pharaoh ant. The pharaoh ant closely misses you.
A culicivora comes into view.
Unknown command.
Casting: Lightning Bolt (dangerous; 9% risk of failure)
Confirm with . or Enter, or press ? or * to list all spells.
Aiming: Petrify (dangerous; 3% risk of failure)
Press: ? - help, Shift-Dir - straight line, f/p - wolf spider
Aim: a wolf spider (chance to affect: 69%)
The wolf spider struggles to resist.
The culicivora hisses angrily.
You constrict the pharaoh ant. The pharaoh ant bites you!!
The wolf spider completely misses you.
The wolf spider bites you but does no damage.
The pharaoh ant bites you!!!
* * * LOW HITPOINT WARNING * * *
Unknown command.
As you read the scroll of fear, it crumbles to dust.
You assume a fearsome visage.
The culicivora looks frightened!
The jumping spider looks frightened!
The pharaoh ant is unaffected.
The wolf spider looks frightened!
You constrict the pharaoh ant.
The pharaoh ant stops moving altogether!
The jumping spider leaps!
A meliai comes into view. It is wielding a +0 broad axe.
The jumping spider leaps!
Okay, then.
Okay, then.
Okay, then.
You feel better.
You constrict the pharaoh ant.
You release your grip on the pharaoh ant.
A meliai comes into view. It is wielding a +0 war axe. x2
The meliai hits you with a +0 broad axe!
You die...

..............#....
..#.......y........
......#.s.y.#......
.#.................#
...........B......#
..#............#
.............###
........y.....#
........@##...#
.........<#..##
.#......###....
.....#### #.....
....# #....## ....
.....# ).. ....# #


You could see a pharaoh ant (petrified), a jumping spider and 3 meliai.

Vanquished Creatures
  An orc warlord (Orc:2)
  2 ettins (Orc:1)
  4 hydras
  4 boulder beetles
  A centaur warrior (D:14)
  5 two-headed ogres
  2 orc high priests
  Urug (D:13)
  2 tengu warriors (D:10)
  2 death yaks (Lair:3)
  Nergalle (Lair:3)
  A deep elf knight (Orc:1)
  An orc knight (Orc:2)
  A deep elf pyromancer (Orc:2)
  A deep elf zephyrmancer (Orc:2)
  5 orc sorcerers
  3 ugly things (D:13)
  3 cyclopes
  A shining eye (shapeshifter) (D:13)
  2 manticores
  Joseph (D:10)
  5 elephants
  2 gargoyles
  7 cane toads
  3 unseen horrors
  3 rime drakes
  2 kobold demonologists
  2 komodo dragons
  A polar bear (Lair:1)
  5 trolls
  A meliai (shapeshifter) (D:14)
  A wind drake (Lair:3)
  A hornet (D:5)
  Grinder (D:4)
  5 slime creatures (D:12)
  7 dream sheep (Lair:3)
  Sigmund (D:5)
  3 wraiths
  32 yaks
  Eustachio (D:4)
  A wyvern (D:10)
  3 shadows
  2 basilisks (Lair:3)
  The ghost of duchin the Magician, an amateur DjWr (D:3)
  8 vampire mosquitoes
  A death yak simulacrum (IceCv)
  4 wargs
  Edmund (D:5)
  5 acid dragons
  Duvessa (D:6)
  3 water moccasins
  21 orc warriors
  2 ice beasts
  2 black bears
  3 ogres
  19 centaurs
  9 wolves
  A phantom (D:4)
  2 kobold brigands
  Blork the orc (D:6)
  10 bullfrogs
  A wyvern zombie (D:9)
  3 scorpions
  A cane toad simulacrum (IceCv)
  2 water moccasin zombies (Ossuary)
  Dowan (D:6)
  A wyvern skeleton (D:7)
  A water moccasin skeleton (D:7)
  2 elephant simulacra (IceCv)
  6 killer bees
  6 wights (D:8)
  4 howler monkeys
  A bullfrog zombie (D:5)
  5 centaur zombies
  A hound (D:5)
  31 orc priests
  Crazy Yiuf (D:2)
  An iguana (D:5)
  34 orc wizards
  5 hell rats (Lair:2)
  A killer bee zombie (D:6)
  A hound skeleton (D:5)
  A hound zombie (D:5)
  2 mummies (Ossuary)
  4 adders
  A shadow imp (D:8)
  12 white imps (Lair:3)
  9 adder zombies
  An adder skeleton (D:4)
  A worm (D:2)
  2 dart slugs
  81 orcs
  10 ball pythons
  6 bats
  5 endoplasms
  4 giant cockroaches
  7 goblins
  9 hobgoblins
  5 jackals (D:2)
  3 quokkas
  6 frilled lizards
  4 gnoll zombies (Ossuary)
  A goblin zombie (D:7)
  2 hobgoblin zombies (Ossuary)
  20 kobolds
  6 kobold zombies (Ossuary)
  6 orc zombies (Ossuary)
  10 rats
  A rat zombie (D:7)
555 creatures vanquished.

Vanquished Creatures (others)
  An orc wizard (Orc:2)
  A rat (D:3)
  25 fungi
  24 plants
  10 toadstools (Lair:1)
61 creatures vanquished.

Grand Total: 616 creatures vanquished

Notes
Turn   | Place    | Note
-------+----------+-------------------------------------------
     0 | D:1      | Atelerd the Octopode Earth Elementalist began the quest for
                  | the Orb.
     0 | D:1      | Reached XP level 1. HP: 11/11 MP: 3/3
   155 | D:1      | Reached skill level 3 in Stealth
   155 | D:1      | Reached XP level 2. HP: 13/17 MP: 1/5
   413 | D:1      | Found a faded altar of an unknown god.
   678 | D:1      | Reached XP level 3. HP: 21/21 MP: 6/6
  1436 | D:2      | Reached XP level 4. HP: 19/27 MP: 0/7
  1561 | D:2      | Found a blossoming altar of Fedhas.
  1651 | D:2      | Found a runed translucent door.
  1652 | D:2      | Noticed Crazy Yiuf
  2597 | D:3      | Found a runed translucent gate.
  2599 | D:3      | Found a runed translucent gate.
  2599 | D:3      | Found a runed translucent gate.
  2600 | D:3      | Noticed duchin's ghost (amateur DjWr)
  2603 | D:3      | Identified the +4 mace "Hukoun" {pain, Str+2}
  3140 | D:3      | Reached skill level 4 in Stealth
  3667 | D:4      | Found a sparkling altar of Nemelex Xobeh.
  3682 | D:4      | Noticed a bullfrog
  3687 | D:4      | Killed a bullfrog
  3688 | D:4      | Reached XP level 5. HP: 20/31 MP: 5/9
  3882 | D:4      | Noticed Eustachio
  3892 | D:4      | Learned a level 4 spell: Petrify
  3911 | D:4      | Killed Eustachio
  3912 | D:4      | Reached XP level 6. HP: 36/36 MP: 6/10
  4053 | D:4      | Reached skill level 5 in Stealth
  4058 | D:4      | Reached XP level 7. HP: 12/41 MP: 4/12
  4411 | D:4      | Noticed Grinder
  4640 | D:5      | Entered Level 5 of the Dungeon
  4661 | D:5      | Found a bloodstained altar of Trog.
  4813 | D:5      | Found Likiec's Jewellery Boutique.
  4956 | D:5      | Noticed Sigmund
  4965 | D:5      | Killed Sigmund
  4966 | D:5      | Reached skill level 6 in Stealth
  4966 | D:5      | Reached skill level 5 in Transmutations
  4966 | D:5      | Reached skill level 5 in Earth Magic
  5485 | D:5      | Noticed Edmund
  5499 | D:5      | Killed Edmund
  5500 | D:5      | Reached XP level 8. HP: 47/47 MP: 10/14
  5563 | D:5      | Reached skill level 1 in Fighting
  5568 | D:5      | Reached skill level 1 in Short Blades
  5938 | D:5      | Noticed a hornet
  5948 | D:5      | Killed a hornet
  5949 | D:5      | Reached skill level 7 in Stealth
  7027 | D:4      | Paralysed by Grinder for 7 turns
  7040 | D:4      | Killed Grinder
  7041 | D:4      | Reached skill level 5 in Spellcasting
  7108 | D:6      | Noticed Blork the orc
  7116 | D:6      | Killed Blork the orc
  7117 | D:6      | Reached XP level 9. HP: 54/54 MP: 12/17
  7431 | D:6      | Noticed Duvessa
  7442 | D:6      | Killed Duvessa
  7588 | D:6      | Noticed Dowan
  7595 | D:6      | Killed Dowan
  7863 | D:6      | Found a blossoming altar of Fedhas.
  8022 | D:7      | Found a sand-covered staircase.
  8040 | Ossuary  | Entered an ossuary
  8376 | Ossuary  | Identified a scroll of acquirement
  8377 | Ossuary  | Acquired the +2 buckler of the Sky {+Blink rF+ Dex+4 SInv}
  8500 | D:7      | Found Zin's Purification Station.
  8500 | D:7      | Found a glowing silver altar of Zin.
  8518 | D:7      | Reached skill level 1 in Shields
  8545 | D:7      | Bought a potion of curing for 90 gold pieces
  8549 | D:7      | Found a staircase to the Ecumenical Temple.
  8630 | Temple   | Entered the Ecumenical Temple
  9034 | D:7      | Learned a level 5 spell: Lightning Bolt
  9387 | D:7      | Noticed a two-headed ogre
  9412 | D:7      | Killed a two-headed ogre
  9413 | D:7      | Reached skill level 1 in Conjurations
  9413 | D:7      | Reached XP level 10. HP: 60/60 MP: 16/20
  9787 | D:8      | Found Yddu's Magic Scroll Boutique.
  9793 | D:8      | Bought a scroll of blinking for 82 gold pieces
  9793 | D:8      | Bought a scroll of identify for 22 gold pieces
  9793 | D:8      | Bought a scroll of identify for 22 gold pieces
  9850 | D:8      | Found a basalt altar of Yredelemnul.
 10116 | D:8      | Found a staircase to the Lair.
 10129 | D:8      | Reached skill level 5 in Shields
 10718 | D:8      | Found a shimmering altar of Xom.
 11201 | D:9      | Found Ubekkaum's Armour Boutique.
 11412 | D:9      | Reached skill level 5 in Air Magic
 11994 | D:9      | Found a shimmering blue altar of Sif Muna.
 12038 | D:9      | Became a worshipper of Sif Muna the Loreminder
 12433 | D:10     | Entered Level 10 of the Dungeon
 12577 | D:10     | Reached skill level 1 in Invocations
 12890 | D:10     | Noticed Joseph
 13027 | D:10     | Killed Joseph
 13028 | D:10     | Reached XP level 11. HP: 61/65 MP: 17/21
 13061 | D:10     | Noticed a sixfirhy
 13099 | D:10     | Noticed a two-headed ogre
 13199 | D:10     | Noticed a two-headed ogre
 13229 | D:10     | Killed a two-headed ogre
 13649 | D:10     | Killed a two-headed ogre
 13762 | D:10     | Found a white marble altar of Elyvilon.
 13763 | D:10     | Found a stormy altar of Qazlal.
 13765 | D:10     | Found a sacrificial altar of Ru.
 13766 | D:10     | Found an iron altar of Okawaru.
 13929 | D:10     | Reached skill level 5 in Invocations
 14054 | D:10     | Noticed a tengu warrior
 14063 | D:10     | Killed a tengu warrior
 14063 | D:10     | Reached * piety under Sif Muna
 14204 | D:10     | Noticed a boulder beetle
 14432 | D:10     | Killed a boulder beetle
 14748 | D:10     | Reached skill level 5 in Dodging
 15065 | D:10     | Noticed a tengu warrior
 15088 | D:10     | Killed a tengu warrior
 15089 | D:10     | Reached XP level 12. HP: 53/74 MP: 22/22
 15768 | D:11     | Learned a level 3 spell: Stone Arrow
 16939 | D:12     | Found a transporter.
 16967 | D:12     | Noticed a five-headed hydra
 16977 | D:12     | Noticed Atelerd's ghost (journeyman OpEE)
 17041 | D:12     | Killed a five-headed hydra
 17053 | D:12     | Noticed a boulder beetle
 17069 | D:12     | Killed a boulder beetle
 17179 | D:12     | Reached skill level 8 in Stealth
 17224 | D:12     | Reached ** piety under Sif Muna
 18026 | D:12     | Found a staircase to the Orcish Mines.
 18657 | D:13     | Noticed a two-headed ogre
 18667 | D:13     | Killed a two-headed ogre
 18771 | D:13     | Reached XP level 13. HP: 79/79 MP: 24/24
 18825 | D:13     | Reached skill level 9 in Stealth
 19418 | D:13     | Noticed Urug
 19429 | D:13     | Killed Urug
 20654 | D:14     | Found an iron altar of Okawaru.
 20773 | Lair:1   | Entered Level 1 of the Lair of Beasts
 20949 | Lair:1   | Reached *** piety under Sif Muna
 21340 | Lair:1   | Reached skill level 10 in Stealth
 21622 | Lair:1   | Found a runed translucent door.
 21645 | Lair:1   | Noticed a dire elephant
 22569 | Lair:1   | You fall into a shaft and drop 1 floor!
 23912 | Lair:1   | Reached skill level 1 in Evocations
 24548 | Lair:3   | Found a frozen archway.
 24568 | IceCv    | Entered an ice cave
 24714 | IceCv    | HP: 1/79 [white ugly thing (27)]
 25226 | Lair:3   | Reached skill level 11 in Stealth
 25266 | Lair:3   | Reached skill level 10 in Earth Magic
 25276 | Lair:3   | Reached **** piety under Sif Muna
 25898 | Orc:1    | Entered Level 1 of the Orcish Mines
 26238 | Orc:2    | Entered Level 2 of the Orcish Mines
 26308 | Orc:2    | Found a staircase to the Elven Halls.
 26646 | Orc:2    | Reached XP level 14. HP: 75/85 MP: 17/27
 26660 | Orc:2    | Identified the +2 chain mail "Wiesusomm" {Rampage *Corrode
                  | SInv}
 26671 | Orc:2    | Identified the +6 scimitar of Scorn {vorpal, Str+6}
 27246 | Orc:2    | Reached skill level 12 in Stealth
 27603 | Orc:1    | Reached skill level 10 in Air Magic
 28445 | Orc:2    | Noticed an orc warlord
 28455 | Orc:2    | Killed an orc warlord
 28458 | Orc:2    | Paralysed by an orc sorcerer for 7 turns
 28692 | Orc:2    | Paralysed by an orc sorcerer for 6 turns
 28832 | Orc:2    | Reached skill level 10 in Spellcasting
 28886 | Orc:2    | Reached skill level 5 in Conjurations
 29218 | Orc:2    | Found Demolypn's Jewellery Shoppe.
 29218 | Orc:2    | Found Pyrphuxt's Weapon Emporium.
 29219 | Orc:2    | Found Qeinyeth's Assorted Antiques.
 29223 | Orc:2    | Found Juivehoo's Assorted Antiques.
 29227 | Orc:2    | Bought a scroll labelled KIOPUQIPOAR for 31 gold pieces
 29229 | Orc:2    | Bought a black potion for 26 gold pieces
 29229 | Orc:2    | Bought a sapphire potion for 26 gold pieces
 29229 | Orc:2    | Bought a scroll labelled GYCOPY RUXA for 29 gold pieces
 29229 | Orc:2    | Bought a blue potion for 26 gold pieces
 29246 | Orc:2    | Bought the ring of Ashenzari's Envy {rElec MP+9} for 476
                  | gold pieces
 29345 | Orc:2    | Noticed Jorgrun
 29522 | D:12     | Found a transporter.
 29987 | D:2      | Killed Crazy Yiuf
 30073 | D:3      | Killed duchin's ghost
 31175 | Lair:3   | Found a hole to the Spider Nest.
 31208 | Lair:3   | Noticed Nergalle
 31223 | Lair:3   | Killed Nergalle
 31495 | Lair:3   | Found a staircase to the Shoals.
 32364 | Spider:1 | Entered Level 1 of the Spider Nest
 32395 | Spider:1 | HP: 2/85 [pharaoh ant (37)]
 32401 | Spider:1 | Slain by a meliai

Illustrated notes

Levels and vault maps discovered:
D:1:      dpeg_arrival_more_subterranean_lakeside_camping, layout_basic,
          shapermc_ecumenical_altar_mp_highgroup
D:2:      layout_basic, basic_altar, uniq_crazy_yiuf_cottage
D:3:      layout_loops_corners, biasface_ghost_orc_armoury, serial_aquarium,
          aquarium_bridge_straight [aquarium_subvault_bridge,
          aquarium_subvault_balcony, aquarium_subvault_bridge,
          aquarium_subvault_wall], aquarium_bridge_square
          [aquarium_subvault_window, aquarium_subvault_wall,
          aquarium_subvault_bridge, aquarium_subvault_bridge],
          aquarium_window_fake, aquarium_window_fake, aquarium_window_1,
          aquarium_view_2d, aquarium_view_2e, hangedman_decor_slide_cut,
          lemuel_flame_loot_1
D:4:      layout_cave_pools, nemelex_xobeh_ov_fountains_minmay,
          chequers_serial_rivers_marsh, uniq_eustachio, uniq_grinder
D:5:      layout_loops_ring, mainiacjoe_overflow_alcove_4, serial_shops,
          nicolae_shop_hallway_stairs, hangedman_abyss_or_decor_passed,
          uniq_sigmund, uniq_edmund
D:6:      layout_basic, fedhas_altar_4, uniq_duvessa, uniq_blork_the_orc
D:7:      layout_basic, zin_purify, temple_green, enter_ossuary_4
D:8:      layout_loops_ring, mainiacjoe_overflow_alcove_1,
          mainiacjoe_overflow_paths, erik_lair_orcish_takeover, serial_shops,
          kennysheep_little_box, grunt_ministairs_15, minmay_misc_feat_tiny,
          chequers_serial_rivers_small_a
D:9:      layout_loops_corners, mainiacjoe_overflow_24_doors, serial_shops,
          nicolae_shop_window_shopping
D:10:     cheibrodos_ideogram_h, layout_basic,
          chequers_temple_overflow_statue_of_worship, uniq_joseph
D:11:     layout_big_octagon
D:12:     layout_long_grid, david_orc_2, gammafunk_ghost_hive
D:13:     layout_stronghold, uniq_urug
D:14:     layout_loops_corners, erik_vaults_2, solitary_fountain,
          chequers_serial_rivers_large_a, okawaru_gym_becter
Temple:   pf_slimified_temple
Lair:1:   gammafunk_lair_enchanted_lake, layout_layer_cave
Lair:2:   layout_regular_city
Lair:3:   layout_loops_ring, minmay_shoals_entry_beasts, dummy_spider_entry,
          portal_ice_cave_entry_imps, uniq_nergalle
Lair:4:   layout_regular_city
Spider:1: layout_spider_delve, hangedman_spider_tarantella_strand
Orc:1:    layout_caves, mines2_david
Orc:2:    st_orc_mages, layout_caves, basic_altar, statue_in_the_mist_lemuel,
          nicolae_orc_stony_grotto, elf_legates, uniq_jorgrun

Skill      XL: |  1  2  3  4  5  6  7  8  9 10 11 12 13 14 |
---------------+-------------------------------------------+-----
Stealth        | 3 4 5 6 7 8 11 12 | 12.0
Transmutations | 2 3 4 5 |  5.0
Spellcasting   | 3 4 5 6 7 9 11 | 11.5
Earth Magic    | 4 5 6 8 10 | 10.0
Fighting       | 2 4 |  4.0
Short Blades   | 2 4 |  4.0
Shields        | 3 6 8 9 |  9.0
Conjurations   | 1 3 5 |  5.0
Air Magic      | 2 6 7 8 9 10 | 10.0
Invocations    | 2 6 7 8 |  8.0
Dodging        | 5 6 |  6.0
Evocations     | 2 |  2.0
Polearms       | |  0.2

Action                   |  1- 3 |  4- 6 |  7- 9 | 10-12 | 13-15 || total
-------------------------+-------+-------+-------+-------+-------++-------
Melee: Unarmed           |     2 |       |       |       |       ||     2
       Constrict         |    19 |    10 |    50 |    27 |    37 ||   143
       Spear             |    82 |    71 |       |       |       ||   153
       Tentacles         |    12 |    12 |    56 |    86 |    53 ||   219
       Dagger            |       |    14 |   170 |   148 |       ||   332
       Punch             |       |       |     2 |     8 |     3 ||    13
       Staff             |       |       |       |    13 |     7 ||    20
       Rapier            |       |       |       |    90 |   170 ||   260
Throw: Dart              |     2 |       |       |       |       ||     2
 Cast: Sandblast         |    19 |    15 |    76 |   146 |   244 ||   500
       Petrify           |       |     2 |    20 |   107 |   164 ||   293
       Stone Arrow       |       |       |       |    45 |   117 ||   162
       Lightning Bolt    |       |       |       |       |    15 ||    15
Invok: Channel Magic     |       |       |       |     1 |     5 ||     6
 Abil: Evoke Blink       |       |       |       |       |     1 ||     1
Evoke: Wand              |       |       |       |     3 |     5 ||     8
  Use: Potion            |       |       |     1 |       |     9 ||    10
       Scroll            |       |       |     8 |     6 |    21 ||    35
 Stab: Sleeping          |    13 |     7 |    16 |     5 |     3 ||    44
       Petrified         |       |    13 |    39 |   137 |   122 ||   311
       Petrifying        |       |       |     1 |     5 |     7 ||    13
Armor: Skin              |     5 |     5 |    26 |    14 |     9 ||    59
Dodge: Dodged            |    40 |    39 |    95 |   130 |   163 ||   467
Block: Buckler           |       |       |       |   101 |   109 ||   210
